 Dungeon Crawl Stone Soup version 0.21-a0-401-g0b6bec4 (webtiles) character file.

17 kae the Digger (level 2, 0/15 HPs)
             Began as a Gargoyle Earth Elementalist on Oct 24, 2017.
             Slain by a hornet zombie (1 damage)
             ... on level 2 of the Dungeon.
             The game lasted 00:00:42 (1315 turns).

kae the Digger (Gargoyle Earth Elementalist)        Turns: 1315, Time: 00:00:44

Health: 0/15       AC:  6    Str: 11    XL:     2   Next: 62%
Magic:  3/5        EV: 12    Int: 15    God:
Gold:   68         SH:  0    Dex: 10    Spells: 5/6 levels left

rFire    . . .     SeeInvis .   g - +0 short sword
rCold    + . .     Gourm    .   (no shield)
rNeg     + . .     Faith    .   o - +2 robe {rC+}
rPois    ∞         Spirit   .   (no helmet)
rElec    +         Reflect  .   (no cloak)
rCorr    .         Harm     .   (no gloves)
MR       .....                  (no boots)
Stlth    ++........             (no amulet)
HPRegen  0.05/turn              (no ring)
MPRegen  0.09/turn              (no ring)

@: no status effects
A: negative energy resistance 1, electricity resistance, unbreathing,
petrification resistance, rot immunity, AC +2
a: no special abilities


You were on level 2 of the Dungeon.
You were very hungry.

You visited 1 branch of the dungeon, and saw 2 of its levels.

You collected 68 gold pieces.

Inventory:

Hand Weapons
 g - a +0 short sword (weapon)
Missiles
 b - 70 stones (quivered)
Armour
 c - a +0 robe
 o - a +2 robe of cold resistance (worn)
Jewellery
 j - an uncursed ring of flight {unknown}
Scrolls
 a - 4 scrolls of identify {unknown}
 f - 2 scrolls of amnesia {unknown}
 h - a scroll of blinking {unknown}
 k - a scroll of fear {unknown}
Potions
 i - a potion of flight {unknown}
 l - a potion of berserk rage {unknown}
 m - a potion of might {unknown}
Books
 e - a book of Geomancy

   Spells                             Type                      Level
   a - Sandblast                      Earth                        1
   b - Passwall                       Transmutation/Earth          2
   c - Stone Arrow                    Conjuration/Earth            3
   d - Petrify                        Transmutation/Earth          4
   e - Lee's Rapid Deconstruction     Earth                        5
Comestibles
 d - 3 bread rations
 n - a meat ration


   Skills:
 - Level 1.5 Dodging
 - Level 2.1 Stealth
 + Level 2.5 Spellcasting
   Level 0.7 Transmutations
 + Level 4.2 Earth Magic


You had 5 spell levels left.
You knew the following spells:

 Your Spells              Type           Power        Failure   Level  Hunger
a - Sandblast             Erth           ##....       3%          1    #......


Dungeon Overview and Level Annotations

Branches:
Dungeon (2/15)

Altars:


Innate Abilities, Weirdness & Mutations

You are resistant to torment.
Your stone body is resilient. (AC +2)
You are immune to poison.
You resist negative energy. (rN+)
You are resistant to electric shocks. (rElec)
You can survive without breathing.
You are immune to petrification.
You are immune to rotting.


Message History

Confirm with . or Enter, or press ? or * to list all spells.
Aiming: Sandblast
Press: ? - help, Shift-Dir - straight line, f - hornet zombie
Aim: a hornet zombie (lightly damaged)
The blast of sand hits the hornet zombie.
The hornet zombie is lightly damaged.
b - 71 stones The hornet zombie hits you.
* * * LOW HITPOINT WARNING * * *
The hobgoblin hits you with a club.
* * * LOW HITPOINT WARNING * * *
Casting: Sandblast
Confirm with . or Enter, or press ? or * to list all spells.
Aiming: Sandblast
Press: ? - help, Shift-Dir - straight line, f/p - hornet zombie
Aim: a hornet zombie (lightly damaged)
The blast of sand misses the hornet zombie.
b - 70 stones The hornet zombie hits you.
You die...

#... #...# #...####
#...##.# . #......###
.. #....$.^.#### ... .
#...........# .. .
....#.(.........#.#...
......Z@............=.
.....#g##.......##....
.........>............
....#..#..............
... #.##..........#..#
## #.#...<..........#
..#.........!....#
#.....?............
#....######.....#.#


You could see a hornet zombie and a hobgoblin.

Vanquished Creatures
  An ooze (D:1)
  A ball python (D:1)
  2 hobgoblins (D:1)
  2 bats (D:1)
  A frilled lizard (D:2)
  A goblin (D:1)
  4 kobolds (D:1)
  2 rats (D:1)
14 creatures vanquished.

Notes
Turn   | Place    | Note
-------+----------+-------------------------------------------
     0 | D:1      | kae the Gargoyle Earth Elementalist began the quest for the Orb.
     0 | D:1      | Reached XP level 1. HP: 10/10 MP: 3/3
   616 | D:1      | Reached XP level 2. HP: 11/15 MP: 3/5
   617 | D:1      | Reached skill level 4 in Earth Magic
  1315 | D:2      | Slain by a hornet zombie

Vault maps used:
D:1:      nzn_arrival_water_spiral, minmay_tromino_i2
D:2:      fedhas_altar_3, nicolae_qazlal_style_of_elements

Skill      XL: |  1  2 |
---------------+-------+-----
Earth Magic    | 4 |  4.2
Dodging        | |  1.5
Stealth        | |  2.1
Spellcasting   | |  2.5
Transmutations | |  0.7

Action                   || total
-------------------------++-------
Melee: Short sword       ||    29
       Unarmed           ||    11
 Cast: Sandblast         ||    11
 Stab: Sleeping          ||     3
Armor: Robe              ||     8
Dodge: Dodged            ||    37

Table legend:
 A = Spawn XP
 B = Non-spawn XP
 C = Spawn XP percentage of total XP
 D = Spawn monster count
 E = Non-spawn monster count
 F = Spawn count percentage of total count
 G = Total turns spent on level
                    A         B        C        D         E        F      G
               +---------+---------+-------+---------+---------+-------+---------
         Total |       0 |      25 |   0.0 |       0 |      14 |   0.0 |  1315
               +---------+---------+-------+---------+---------+-------+---------
           D:1 |       0 |      24 |   0.0 |       0 |      13 |   0.0 |  1296
           D:2 |       0 |       1 |   0.0 |       0 |       1 |   0.0 |    19
               +---------+---------+-------+---------+---------+-------+---------
